 Dungeon Crawl Stone Soup version 0.24-a0-235-g3f03afcf10 (webtiles) character file.

Game seed: 904333384939391836

198 HAL9000 the Slasher (level 5, -6/46 HPs)
             Began as a Minotaur Fighter on Apr 5, 2019.
             Mangled by Crazy Yiuf
             ... wielding a +3 quarterstaff of chaos
              (8 damage)
             ... on level 3 of the Dungeon.
             The game lasted 00:04:10 (2882 turns).

HAL9000 the Slasher (Minotaur Fighter)              Turns: 2882, Time: 00:04:11

Health: -6/46      AC:  6    Str: 21    XL:     5   Next: 47%
Magic:  0/4        EV:  7    Int:  5    God:
Gold:   237        SH:  9    Dex: 10    Spells: 4/4 levels left

rFire    . . .     SeeInvis .   a - +0 long sword
rCold    . . .     Gourm    .   c - +0 shield
rNeg     . . .     Faith    .   b - +0 scale mail
rPois    .         Spirit   +   (helmet restricted)
rElec    .         Reflect  .   n - scarf {Spirit}
rCorr    .         Harm     .   (no gloves)
MR       .....                  (no boots)
Stlth    ..........             (no amulet)
HPRegen  0.15/turn              l - ring of flight
MPRegen  0.09/turn              (no ring)

@: lightly drained
A: retaliatory headbutt, horns 2
a: Evoke Flight


You were on level 3 of the Dungeon.
You were very hungry.

You visited 1 branch of the dungeon, and saw 3 of its levels.

You collected 237 gold pieces.

Inventory:

Hand Weapons
 a - a +0 long sword (weapon)
Armour
 b - a +0 scale mail (worn)
 c - a +0 shield (worn)
 n - a scarf of spirit shield (worn)
Jewellery
 l - a ring of flight (left hand)
Wands
 r - a wand of acid (7)
Scrolls
 e - 5 scrolls of identify {unknown}
 h - a scroll of random uselessness {unknown}
 k - a scroll of amnesia {unknown}
 m - a scroll of fog {unknown}
 o - a scroll of teleportation {unknown}
 p - a scroll of fear {unknown}
 q - a scroll of magic mapping {unknown}
 s - a scroll of blinking {unknown}
Potions
 d - 2 potions of might
 g - a potion of agility {unknown}
 i - 3 potions of curing {unknown}
 j - 2 potions of flight {unknown}
Comestibles
 f - 8 rations


   Skills:
 - Level 3.6(3.4) Fighting
 * Level 6.3(6.0) Long Blades
 - Level 3.6(3.4) Armour
 + Level 4.6(4.3) Shields


You had 4 spell levels left.
You didn't know any spells.
Your spell library contained the following spells:

 Spells                   Type           Power        Failure   Level  Hunger
 Animate Skeleton         Necr           N/A          99%         1    ##.....
 Apportation              Tloc           #.....       99%         1    ##.....
 Beastly Appendage        Tmut           #.....       99%         1    ##.....
 Confusing Touch          Hex            #.....       99%         1    ##.....
 Magic Dart               Conj           #...         99%         1    ##.....
 Summon Small Mammal      Summ           #...         99%         1    ##.....
 Blink                    Tloc           N/A          100%        2    ###....
 Call Imp                 Summ           #.......     100%        2    ###....
 Slow                     Hex            #.......     100%        2    ###....
 Sticks to Snakes         Tmut           #.......     100%        2    ###....
 Conjure Flame            Conj/Fire      #.......     100%        3    ####...
 Mephitic Cloud           Conj/Pois/Air  #.......     100%        3    ####...
 Spider Form              Tmut/Pois      #.........   100%        3    ####...
 Ice Form                 Ice/Tmut       #.......     100%        4    #####..
 Blade Hands              Tmut           #.........   100%        5    ######.


Dungeon Overview and Level Annotations

Branches:
Dungeon (3/15)

Altars:
Hepliaklqana
Qazlal
Vehumet
Wu Jian
Xom

Annotations:
D:3 Crazy Yiuf


Innate Abilities, Weirdness & Mutations

You reflexively headbutt those who attack you in melee.
You have a pair of horns on your head.


Message History

Crazy Yiuf cries, "Cholesterol!"
Crazy Yiuf drinks a potion.
Crazy Yiuf goes berserk!
Crazy Yiuf hits you with a +3 quarterstaff of chaos.
Crazy Yiuf freezes you.
There is an open translucent door here.
Crazy Yiuf rages.
Crazy Yiuf hits you with a +3 quarterstaff of chaos!
You block Crazy Yiuf's attack. You block Crazy Yiuf's attack.
Crazy Yiuf hits you but does no damage.
You feel drained.
Crazy Yiuf rages.
Crazy Yiuf hits you with a +3 quarterstaff of chaos!
* * * LOW HITPOINT WARNING * * *
You feel your power leaking away.
Crazy Yiuf hits you with a +3 quarterstaff of chaos.
* * * LOW HITPOINT WARNING * * *
You are electrocuted!
* * * LOW HITPOINT WARNING * * *
Crazy Yiuf hits you with a +3 quarterstaff of chaos!
You die...

.###.#.#..............##.........
..#.##.#..............########...
....÷..#........#####.# #...
##.############.......# #...
..........#.......###.# #...
.#..#.###.#.......# #.# #...
.#..#.###.#.......###.# ######...
.#..................#####'.#...(.
.##.#.###.#.....@.###≈...#.......
.##.#.###.#....g..###≈...###..)..
..........#.......#.#≈...# #.....
############..#####.#≈...###.....
##.## #.#≈≈≈≈#....... #...#
#.+#######).... ##..## #.....#
#.##.# #....# ###.### #.....
♣....♣ #.# ####.#


You could see Crazy Yiuf (berserk).

Vanquished Creatures
  An orc priest (D:3)
  Ijyb (D:3)
  An iguana (D:3)
  3 adders
  An ooze (D:2)
  3 worms
  2 dart slugs (D:1)
  2 leopard geckos
  4 orcs (D:3)
  5 bats
  6 giant cockroaches
  6 goblins
  7 hobgoblins
  3 jackals (D:3)
  2 quokkas (D:3)
  3 frilled lizards
  8 kobolds
  12 rats
70 creatures vanquished.

Notes
Turn   | Place    | Note
-------+----------+-------------------------------------------
     0 | D:1      | HAL9000 the Minotaur Fighter began the quest for the Orb.
     0 | D:1      | Reached XP level 1. HP: 19/19 MP: 0/0
     2 | D:1      | Noticed a dwarf
     2 | D:1      | Noticed a naga
     4 | D:1      | Noticed an ogre
     4 | D:1      | Noticed a vine stalker
     6 | D:1      | Noticed a halfling
     6 | D:1      | Noticed an elf
     8 | D:1      | Noticed a spriggan
     8 | D:1      | Noticed a felid
    10 | D:1      | Noticed a ghoul
    10 | D:1      | Noticed a centaur
    12 | D:1      | Noticed a formicid
    12 | D:1      | Noticed a tengu
    14 | D:1      | Noticed a demonspawn
    14 | D:1      | Noticed a demigod
    16 | D:1      | Noticed a human
    18 | D:1      | Noticed a draconian
    18 | D:1      | Noticed a merfolk
    20 | D:1      | Noticed an octopode
    20 | D:1      | Noticed a gargoyle
    22 | D:1      | Noticed a troll
    24 | D:1      | Noticed a minotaur
    26 | D:1      | Noticed a vampire
    73 | D:1      | Reached skill level 3 in Long Blades
   119 | D:1      | Reached XP level 2. HP: 27/27 MP: 1/1
   495 | D:1      | Found a basalt altar of Yredelemnul.
   497 | D:1      | Found a shimmering altar of Xom.
   497 | D:1      | Found a radiant altar of Vehumet.
   503 | D:1      | Found a snail-covered altar of Cheibriados.
   503 | D:1      | Found a sparkling altar of Nemelex Xobeh.
   503 | D:1      | Found a sacrificial altar of Ru.
   588 | D:2      | Reached XP level 3. HP: 30/33 MP: 2/2
   628 | D:2      | Found a faded altar of an unknown god.
   700 | D:2      | Reached skill level 4 in Long Blades
  1194 | D:2      | Found a hazy altar of Hepliaklqana.
  1194 | D:2      | Found an ornate altar of the Wu Jian Council.
  1556 | D:3      | Reached XP level 4. HP: 35/40 MP: 3/3
  1582 | D:3      | Reached skill level 5 in Long Blades
  1984 | D:3      | Found a stormy altar of Qazlal.
  2087 | D:3      | Noticed Ijyb
  2096 | D:3      | Killed Ijyb
  2096 | D:3      | Reached XP level 5. HP: 17/46 MP: 1/4
  2415 | D:3      | Reached skill level 6 in Long Blades
  2433 | D:3      | Found a runed translucent door.
  2434 | D:3      | Noticed Crazy Yiuf
  2880 | D:3      | HP: 2/46 [Crazy Yiuf/+3 quarterstaff of chaos (8)]
  2882 | D:3      | Mangled by Crazy Yiuf

Levels and vault maps discovered:
D:1:      kb_arrival_jail, layout_basic, doesnt_xom_only_xom
D:2:      layout_basic, gammafunk_temple_overflow_elements,
          chequers_ecumenical_altar_twisty, lemuel_old_faithful
D:3:      layout_loops_cross, overflow_temple_1_default, first_ration,
          serial_rivers, chequers_serial_rivers_micro_c,
          chequers_serial_rivers_small_a, chequers_serial_rivers_room_a,
          chequers_serial_rivers_small_3, chequers_serial_rivers_room_a,
          chequers_serial_rivers_room_b, uniq_ijyb, uniq_crazy_yiuf_cottage

Skill      XL: |  1  2  3  4  5 |
---------------+----------------+-----
Long Blades    | 3 4 5 6 |  6.3
Shields        | 4 |  4.6
Fighting       | |  3.6
Armour         | |  3.6

Action                   |  1- 3 |  4- 6 || total
-------------------------+-------+-------++-------
Melee: Long sword        |    84 |    70 ||   154
       Headbutt          |    14 |    12 ||    26
Evoke: Wand              |       |     1 ||     1
  Eat: Chunk             |     2 |     3 ||     5
Armor: Scale mail        |    27 |    21 ||    48
Dodge: Dodged            |    25 |    15 ||    40
Block: Shield            |    41 |    24 ||    65
       Rpst.: Long sword |     7 |     4 ||    11

Table legend:
 A = Non-vault XP
 B = Vault XP
 C = Vault XP percentage of total XP
 D = Non-vault monster count
 E = Vault monster count
 F = Vault count percentage of total count
                 A         B        C        D         E       F
            +---------+---------+-------+---------+---------+-------
      Total |     248 |      36 |  12.7 |      69 |       1 |   1.4
            +---------+---------+-------+---------+---------+-------
        D:1 |      40 |       0 |   0.0 |      22 |       0 |   0.0
        D:2 |      45 |       0 |   0.0 |      16 |       0 |   0.0
        D:3 |     163 |      36 |  18.1 |      31 |       1 |   3.1
            +---------+---------+-------+---------+---------+-------
